Cogmind - Beta 16 @@@ ROGUE MODE // 2025.12.13 @ 21:48:36 Player: rootmos Result: Destroyed by VW-B3O(R) with Subdweller Machine Gun Performance ------------- Evolutions (0) 0 Regions Visited (3) 600 Robots Destroyed (6) 30 Value Destroyed (154) 154 Prototype IDs (0) 0 Alien Tech Used (0) 0 Bonus (0) 0 TOTAL SCORE: 784 Bonus ------- None Cogmind --------- Core Integrity 0/250 Matter 14/300 Energy 250/250 System Corruption 0% Temperature Cool (0) Movement Core (100) Ox1 Location -10/Subcaves Parts ------- > --- POWER (1) -------- Ion Engine > --- PROPULSION (2) --- (None) > --- UTILITY (2) ------ Targeting Computer > --- WEAPON (2) ------- (None) > --- INVENTORY (5) ---- Ion Engine Light Ion Engine Huge Storage Unit Targeting Computer Medium Laser Peak State ------------ > --- POWER ------------ Light Ion Engine > --- PROPULSION ------- Aluminum Leg Aluminum Leg > --- UTILITY ---------- Small Storage Unit Targeting Computer > --- WEAPON ----------- EM Pulse Gun Light Assault Rifle > --- INVENTORY -------- Ion Engine Light Ion Engine Wheel Compact Wheel Huge Storage Unit Assault Rifle Light Assault Rifle [Rating: 7] Favorites ----------- Power Light Ion Engine Engine Light Ion Engine Propulsion Aluminum Leg Leg Aluminum Leg Wheel Wheel Utility Targeting Computer Storage Small Storage Unit Processor Targeting Computer Protection Light Armor Plating Weapon Assault Rifle Energy Gun EM Pulse Gun Ballistic Gun Assault Rifle Ballistic Cannon Light Cannon Build | -11 -10 -10 -10 ------- Run | Yrd Mat Min Sub Slots Evolved . | . . . . Power . | . . . . Propulsion . | . . . . Utility . | . . . . Weapon . | . . . . Parts Attached 15 | . 5 10 . Power 2 | . . 2 . Engine 2 | . . 2 . Core . | . . . . Reactor . | . . . . Propulsion 2 | . . 2 . Treads . | . . . . Leg . | . . . . Wheel 2 | . . 2 . Hover . | . . . . Flight . | . . . . Utility 4 | . 2 2 . Device . | . . . . Storage . | . . . . Processor 1 | . 1 . . Hackware . | . . . . Protection 3 | . 1 2 . Artifact . | . . . . Weapon 7 | . 3 4 . Energy Gun 2 | . 1 1 . Energy Cannon . | . . . . Ballistic Gun 4 | . 2 2 . Ballistic Cannon 1 | . . 1 . Launcher . | . . . . Special Weapon . | . . . . Impact Weapon . | . . . . Slashing Weapon . | . . . . Piercing Weapon . | . . . . Special Melee Weapon . | . . . . Unidentified Prototypes . | . . . . Parts Lost 11 | . . 6 5 Power 1 | . . 1 . Propulsion 4 | . . 2 2 Utility 2 | . . 1 1 Weapon 4 | . . 2 2 Highest Loss Streak 5 | . . 5 5 To Critical Strikes . | . . . . Average Backups 5 | . 6 4 5 Power 1 | . 1 1 2 Propulsion . | . 3 . . Utility 1 | . . 1 2 Weapon 1 | . 1 1 1 Tool/Special . | . . . . Unused Backups 17 | . 10 3 4 Power 4 | . 1 1 2 Propulsion 8 | . 6 2 . Utility 4 | . 2 . 2 Weapon 1 | . 1 . . Tool/Special . | . . . . Average Slot Usage (%) 80 | . 87 76 92 Engine 11 | . 14 10 14 Leg 13 | . 28 9 . Wheel 2 | . . . 23 Storage 3 | . 12 . . Processor 10 | . 2 14 14 Protection 9 | . 1 13 11 Energy Gun 5 | . 11 4 . Ballistic Gun 15 | . 16 14 14 Ballistic Cannon 6 | . . 8 14 Peak Build Rating 7 | . 7 7 7 Average Rating 5 | . 6 5 6 On Entrance 6 | 6 6 7 7 Avg Prop Armor Cover (%) . | . . . . Naked Turns . | . . . . Heaviest Build 13 | 10 11 13 13 Greatest Support 20 | 20 20 20 20 Greatest Overweight (x) 4 | . . 4 4 Average Overweight (x) . | . . 1 . Largest Inventory Capacity 8 | . 8 5 5 Average Capacity 5 | . 7 5 5 Most Carried 8 | . 8 5 5 Average Carried 5 | . 6 4 5 Final Capacity 8 | 8 5 5 5 Final Carried 6 | 6 5 5 5 Class Distribution -------------------- 100% | Mutant Dominant Class ---------------- Mutant | -10/Materials Mutant | -10/Mines Mutant | -10/Subcaves Resources | -11 -10 -10 -10 ----------- Run | Yrd Mat Min Sub Matter Collected 359 | 184 34 141 . Remotely . | . . . . Salvage Created 214 | . 54 160 . Parts 17 | . 6 11 . Haulers Intercepted . | . . . . Recyclers Shooed . | . . . . Parts Field Recycled . | . . . . Retrieved Matter . | . . . . Parts Self-Destructed . | . . . . Prevented . | . . . . Parts Restored . | . . . . Kills | -11 -10 -10 -10 ------- Run | Yrd Mat Min Sub Combat Hostiles Destroyed 8 | . 3 5 . Guns 7 | . 3 4 . Cannons 1 | . . 1 . Classes Destroyed 4 | . 1 3 . Swarmer 3 | . 3 . . Grunt 1 | . . 1 . Sentry 2 | . . 2 . Assembled 2 | . . 2 . Best Kill Streak 3 | . 3 2 . Combat Bots Only 3 | . 3 2 . Max Kills in Single Turn 1 | . 1 1 . Gunslinging . | . . . . Exploded . | . . . . Melee . | . . . . Uniques/NPCs Destroyed . | . . . . Combat | -11 -10 -10 -10 -------- Run | Yrd Mat Min Sub Hostile Shots Fired 117 | . 17 77 23 Missed 29 | . 2 19 8 Hits 88 | . 15 58 15 Melee 2 | . . 2 . Projectile 86 | . 15 56 15 Critical Strikes 2 | . . 1 1 Damage Taken 1289 | . 131 802 356 Core 251 | . 24 132 95 Absorbed by Shields . | . . . . Core Remaining (%) 100 | 100 . . . Volleys Fired 72 | . 6 63 3 Largest 2 | . 2 2 2 Hottest 70 | . 60 70 50 Shots Fired 142 | . 12 124 6 Gun 99 | . 12 84 3 Cannon 43 | . . 40 3 Launcher . | . . . . Special . | . . . . Kinetic 124 | . 6 112 6 Thermal 10 | . . 10 . Explosive . | . . . . Electromagnetic 8 | . 6 2 . Robot Hit Streak 13 | . 5 13 4 Robot Miss Streak 6 | . 6 2 1 Penetration Max . | . . . . Secondary Targets 1 | . . 1 . Max Gunslinging Chain 1 | . . 1 . Shots Hit Robots 47 | . 5 37 5 Core Hits 16 | . 4 11 1 Critical Kills . | . . . . Critical Parts Destroyed . | . . . . Critical Strikes 1 | . . 1 . Corrupt 1 | . . 1 . Melee Attacks . | . . . . Impact . | . . . . Slashing . | . . . . Piercing . | . . . . Sneak Attacks . | . . . . Combat Hostiles . | . . . . Follow-up Attacks . | . . . . Damage Inflicted 584 | . 54 433 97 Guns 379 | . 54 290 35 Cannons 192 | . . 143 49 Explosions . | . . . . Melee . | . . . . Ramming 13 | . . . 13 Kinetic 516 | . 23 409 84 Thermal . | . . . . Explosive . | . . . . Electromagnetic 55 | . 31 24 . Impact . | . . . . Slashing . | . . . . Piercing . | . . . . Highest Corruption . | . . . . Average Corruption . | . . . . Corruption Purged . | . . . . Corruption Blocked . | . . . . Overload Shots . | . . . . Overflow Damage . | . . . . Projectiles . | . . . . Explosions . | . . . . Melee . | . . . . Knockbacks 7 | . . 5 2 Impact . | . . . . Kinetic 7 | . . 5 2 Secondary . | . . . . Self-Inflicted Damage 6 | . . . 6 Shots . | . . . . Rammed 4 | . . 2 2 Targets Rammed 4 | . . 2 2 Kicked . | . . . . Crushed . | . . . . Highest Temperature 148 | . 40 148 . Average Temperature 56 | . 26 61 . Received Heat Transfer 201 | . . 201 . Siege Activations . | . . . . Martial Activations . | . . . . Shielding Activations . | . . . . Robots Disrupted . | . . . . Combat Hostiles . | . . . . Robots Corrupted . | . . . . Combat Hostiles . | . . . . Parts Fried . | . . . . Impact Corruptions . | . . . . Robots Melted . | . . . . Combat Hostiles . | . . . . Parts Melted . | . . . . Heat Transferred . | . . . . Parts Sabotaged . | . . . . Parts Stolen . | . . . . Parts Stripped . | . . . . Power Chain Reactions . | . . . . Alert | -11 -10 -10 -10 ------- Run | Yrd Mat Min Sub Maximum Alert Level . | . . . . Low Security (%) 100 | . 100 100 . Level 1 . | . . . . Level 2 . | . . . . Level 3 . | . . . . Level 4 . | . . . . Level 5 . | . . . . High Security . | . . . . Max Security . | . . . . Peak Influence 70 | . 70 20 . Initial 11 | . . 11 . Average 7 | . 19 2 . Influence Increases 130 | . 70 60 . Destroy 0b10 Robot/C 120 | . 60 60 . Destroy Leader 10 | . 10 . . Influence Decreases 130 | . 40 90 . Entered New Map 19 | . . 19 . Time Decay 90 | . 40 50 . Lost Part 21 | . . 21 . Squads Dispatched . | . . . . Investigation . | . . . . Extermination . | . . . . Reinforcement . | . . . . Assault . | . . . . Garrison . | . . . . Intercept . | . . . . Searches Triggered . | . . . . Construction Impeded . | . . . . Haulers Reinforced . | . . . . Active Scanning Responses . | . . . . Cargo Convoy Interrupts . | . . . . Stealth | -11 -10 -10 -10 --------- Run | Yrd Mat Min Sub Distress Signals . | . . . . Communications Jammed . | . . . . Distress Signals . | . . . . Times Spotted 14 | . 4 8 2 Peak Tracking Total 4 | . 4 2 2 Tactical Retreats . | . . . . Traps | -11 -10 -10 -10 ------- Run | Yrd Mat Min Sub Traps Triggered . | . . . . Indirectly . | . . . . Trap Hack Attempts . | . . . . Triggered . | . . . . Disarmed . | . . . . Reprogrammed . | . . . . Reused . | . . . . Traps Extracted . | . . . . Installed . | . . . . Triggered . | . . . . Machines | -11 -10 -10 -10 ---------- Run | Yrd Mat Min Sub Machines Disabled . | . . . . Max in Single Turn . | . . . . Machines Repaired . | . . . . Machines Dismantled . | . . . . Machines Sabotaged . | . . . . Overloaded Fab Kills . | . . . . Hacking | -11 -10 -10 -10 --------- Run | Yrd Mat Min Sub Machines Accessed . | . . . . Terminals . | . . . . Fabricators . | . . . . Repair Stations . | . . . . Recycling Units . | . . . . Scanalyzers . | . . . . Garrison Access . | . . . . Total Hacks . | . . . . Successful . | . . . . Failed . | . . . . Catastrophic . | . . . . Database Lockouts . | . . . . Manual . | . . . . Terminals . | . . . . Fabricators . | . . . . Repair Stations . | . . . . Recycling Units . | . . . . Scanalyzers . | . . . . Garrison Access . | . . . . Terminal Hacks . | . . . . Fabricator Hacks . | . . . . Repair Station Hacks . | . . . . Recycling Unit Hacks . | . . . . Scanalyzer . | . . . . Garrison Access Hacks . | . . . . Unauthorized Hacks . | . . . . Terminals . | . . . . Fabricators . | . . . . Repair Stations . | . . . . Recycling Units . | . . . . Scanalyzers . | . . . . Garrison Access . | . . . . Data Cores Recovered . | . . . . Used . | . . . . Hacking Detections . | . . . . Full Trace Events . | . . . . Feedback Events . | . . . . Feedback Blocked . | . . . . Robot Schematics Acquired . | . . . . Robots Built . | . . . . Authchips . | . . . . Time . | . . . . Total Robot Build Rating . | . . . . Part Schematics Acquired . | . . . . Parts Built . | . . . . Authchips . | . . . . Time . | . . . . Total Part Build Rating . | . . . . Part Studies Acquired . | . . . . Parts Repaired . | . . . . Time . | . . . . Parts Recycled . | . . . . Recycled Matter . | . . . . Retrieved Matter . | . . . . Retrieved Components . | . . . . Parts Scanalyzed . | . . . . Part Schematics Acquired . | . . . . Parts Damaged . | . . . . Bothacking | -11 -10 -10 -10 ------------ Run | Yrd Mat Min Sub Used RIF Installer . | . . . . Robots Hacked . | . . . . Non-combat . | . . . . Combat . | . . . . Robot Hacks Applied . | . . . . Relay Couplers Released . | . . . . Fabnet Peak Effective % . | . . . . Robots Rewired . | . . . . Allies Hacked . | . . . . Hacks Repelled . | . . . . Allies | -11 -10 -10 -10 -------- Run | Yrd Mat Min Sub Total Allies . | . . . . Largest Group . | . . . . Highest-Rated Group . | . . . . Highest-Rated Ally . | . . . . Total Orders . | . . . . Ally Attacks . | . . . . Total Damage . | . . . . Kills . | . . . . Allies Corrupted . | . . . . Allies Melted . | . . . . Intel | -11 -10 -10 -10 ------- Run | Yrd Mat Min Sub Active Infowar (turns) . | . . . . Robot Analysis Total . | . . . . Derelict Logs Recovered 3 | . . 2 1 Drone Launches . | . . . . Drone Recoveries . | . . . . Exploration | -11 -10 -10 -10 ------------- Run | Yrd Mat Min Sub Turns Passed 723 | . 188 480 55 Spaces Moved 339 | 1 130 169 39 Core 49 | . . 45 4 Treads . | . . . . Legs 229 | 1 130 98 . Wheels 61 | . . 26 35 Hover . | . . . . Flight . | . . . . Fastest Speed 80 | 120 120 80 80 Average Speed 133 | 120 120 153 90 Slowest Speed 250 | 120 120 250 250 Overloaded Moves . | . . . . Propulsion Burnouts . | . . . . Robots Hopped . | . . . . Potential Cave-ins . | . . . . Cave-ins Triggered . | . . . . Exploration Rate (%) 12 | 2 21 23 5 Regions Visited 3 Branch Regions 2 Pre-discovered Areas 1 | . . 1 . Known Exits Taken . | . . . . Unknown Exits Taken 3 | 1 1 1 . Scrap Searched . | . . . . Spaces Dug . | . . . . Terrain Destroyed . | . . . . Melee . | . . . . Projectile . | . . . . AOE . | . . . . Terrain Rammed . | . . . . Walls Destroyed . | . . . . Machines Disabled . | . . . . Actions | -11 -10 -10 -10 --------- Run | Yrd Mat Min Sub Total 470 | . 152 266 52 Wait 27 | . . 19 8 Move 336 | . 129 168 39 Hop . | . . . . Pick Up 9 | . 6 3 . Fast Attach 4 | . 1 3 . Attach 3 | . . 3 . Detach . | . . . . Swap 8 | . 4 4 . Drop 7 | . 6 1 . Fire 72 | . 6 63 3 Melee . | . . . . Ram 4 | . . 2 2 Kick . | . . . . Crush . | . . . . Escape Stasis . | . . . . Rewire . | . . . . Trap . | . . . . Miscellaneous . | . . . . Route ------- -11/Scrapyard -10/Materials -10/Mines -10/Subcaves (discovered 1 exit: [*Mat]) History --------- Turn | Location | Event 1 | -11/Scrapyard | Discovered new exit (range 0) 1 | -11/Scrapyard | Entered Materials 145 | -10/Materials | Discovered new exit (range 16) 189 | -10/Materials | Entered Mines 195 | -10/Mines | Learned location of Zion (-7) 239 | -10/Mines | Learned Materials stockpile data 261 | -10/Mines | Lost 5 parts (1p1n1u2w) 313 | -10/Mines | Received a Rocket Launcher from a helpful Derelict 335 | -10/Mines | Build established: Mutant 347 | -10/Mines | Excavation squad dispatched 347 | -10/Mines | A large section of the Mines collapsed 576 | -10/Mines | Core integrity fell below 50% 591 | -10/Mines | Discovered new exit (range 10) 669 | -10/Mines | Entered Subcaves 670 | -10/Subcaves | Approached by a straggling Scientist 672 | -10/Subcaves | Learned Materials terminal intel 682 | -10/Subcaves | Discovered new exit (range 15) 720 | -10/Subcaves | Core integrity fell below 20% 724 | -10/Subcaves | Destroyed by VW-B3O(R) with Subdweller Machine Gun Last Messages --------------- Data stored: Materials terminal intel. 00673_ 6Q-SBG(c): "Hey, let me tag along and I can get us both out of this nasty situation. At least I think I can... The group I got separated from was talking about a shortcut back to the UFD." 00682_ EXIT=FOUND 00704_ Slammed into VW-B3O(R). 00704_ Wheel broken. 00704_ Destabilizing: Short circuit. 00705_ Slammed into VW-B3O(R). 00708_ VW-B3O(R) knocked back. 00710_ Wheel destroyed. 00711_ Broken Wheel destroyed. 00712_ Lgt. Armor Plating destroyed. 00716_ VW-B3O(R) knocked back. 6Q-SBG(c): "I think it's somewhere south of here" 00720_ Lgt. Cannon destroyed. 00722_ Assault Rifle destroyed. Map ----- +----------------------------------------------------+ | ?????????????????????????????????????????????????? | | ?????????????????????????????????????????????????? | | ?????????????????????????????????????????????????? | | ?????????????????????????????????????????????????? | | ?????????????????????????????????????????????????? | | ?????????????????????????????????????????????????? | | ?????????????????????????????????????????????????? | | ?????????????????????????????????????????????????? | | ?????????????????????????????????????????????????? | | ?????????????????????????????????????????????????? | | ???????????????????????##????????????????????????? | | ??????????????????????## ????????????????????????? | | ?????????????????????## ###?????????????????????? | | ????????????????????? ###???????????????????? | | ?????????????????????? #???????????????????? | | ?????????????????????? ????????????????????? | | ??????????????????????? ????????????????????? | | ???????????????????????# ????????????????????? | | ????????????????????????